 Dungeon Crawl Stone Soup version 0.28.0-53-g5a82cb258f (webtiles) character file.

Game seed: 3596159545049018421

45845 Zeld the Severer (level 14, -8/135 (138) HPs)
             Began as a Minotaur Berserker on May 22, 2022.
             Was a High Priest of Trog.
             Mangled by a tentacled starspawn (13 damage)
             ... on level 2 of the Abyss.
             The game lasted 00:21:55 (19678 turns).

Zeld the Severer (Minotaur Berserker)              Turns: 19678, Time: 00:21:55

HP:   -8/135 (138)  AC: 24    Str: 24      XL:     14   Next: 2%
MP:   4/4           EV:  9    Int:  8      God:    Trog [*****.]
Gold: 636           SH:  0    Dex:  6 (7)  Spells: 13/13 levels left

rFire   . . .      SeeInvis .   I - +2 great mace "Cuplaul" {drain, *Slow rN+ Int+4}
rCold   . . .      Faith    .   (shield currently unavailable)
rNeg    + . .      Spirit   .   C - +4 plate armour "Piogic" {rCorr MP-9 Str+2}
rPois   .          Reflect  .   (helmet restricted)
rElec   +          Harm     .   F - +0 cloak
rCorr   +          Rampage  .   j - +0 pair of gloves
Will    +....                   y - +0 pair of boots
Stlth   ..........              w - amulet of regeneration
HPRegen 1.12/turn               k - ring "Mialof" {Wiz rElec}
MPRegen 0.09/turn               (no ring)

@: about to teleport, on berserk cooldown, slowed, studying Evocations, lightly
drained, very slow
A: horns 2, retaliatory headbutt, [clumsy 2], [weak 2]
a: Renounce Religion, Berserk, Trog's Hand, Brothers in Arms


You were on level 2 of the Abyss.
You worshipped Trog.
Trog was extremely pleased with you.
You visited 3 branches of the dungeon, and saw 17 of its levels.
You visited the Abyss 1 time.
You also visited: Sewer and Ossuary.

You collected 1256 gold pieces.
You spent 620 gold pieces at shops.

Inventory:

Hand Weapons
 a - a +4 battleaxe of chaos
 I - the +2 great mace "Cuplaul" (weapon) {drain, *Slow rN+ Int+4}
   (You bought it in a shop on level 11 of the Dungeon)

   A truly terrible weapon, it drains the life of any living foe it strikes.
   Int:       It affects your intelligence (+4).
   rN:        It protects you from negative energy.
   *Slow:     It may slow you when you take damage.
Armour
 j - a +0 pair of gloves (worn)
 y - a +0 pair of boots (worn)
 C - the +4 plate armour "Piogic" (worn) {rCorr MP-9 Str+2}
   (You found it on level 13 of the Dungeon)

   Str:       It affects your strength (+2).
   MP:        It affects your magic capacity (-9).
   rCorr:     It protects you from acid and corrosion.
 F - a +0 cloak (worn)
Jewellery
 k - the ring "Mialof" (left hand) {Wiz rElec}
   (You found it on level 2 of the Dungeon)

   [ring of wizardry]

   It improves your spell success rate.
   rElec:     It insulates you from electricity.
 w - an amulet of regeneration (around neck)
Wands
 b - a wand of digging (12)
 g - a wand of acid (4)
 o - a wand of charming (9)
 t - a wand of polymorph (8)
 v - a wand of flame (36)
 G - a wand of mindburst (5)
 H - a wand of paralysis (13)
Scrolls
 d - 2 scrolls of fear
 f - a scroll of enchant armour
 h - 7 scrolls of identify
 p - 2 scrolls of blinking
 A - a scroll of magic mapping
 J - 4 scrolls of teleportation
Potions
 c - 5 potions of lignification {unknown}
 e - 3 potions of mutation {unknown}
 i - 5 potions of might {unknown}
 l - a potion of brilliance {unknown}
 m - 2 potions of ambrosia {unknown}
 n - 4 potions of attraction {unknown}
 q - a potion of degeneration {unknown}
 r - 7 potions of heal wounds
 s - 3 potions of haste
 u - 4 potions of flight {unknown}
 x - 6 potions of curing
 z - 2 potions of resistance {unknown}
 B - 7 potions of berserk rage {unknown}
 D - 3 potions of invisibility
 E - 5 potions of magic {unknown}
Miscellaneous
 K - a piece from Xom's chessboard (15/15)


   Skills:
 * Level 16.8 Fighting
 * Level 16.8 Axes
 + Level 11.9 Armour
 + Level 11.1 Dodging
 * Level 7.5 Evocations


You had 13 spell levels left.
You didn't know any spells.
Your spell library was empty.

Dungeon Overview and Level Annotations

Branches:
Dungeon (15/15)            Temple (1/1) D:5            Lair (1/6) D:11
    Orc (0/2) D:12         Vaults (0/5) D:13          Sewer (visited)
Ossuary (visited)
 Depths: D:15

Altars:
Ashenzari
Cheibriados
Dithmenos
Elyvilon
Fedhas
Gozag
Hepliaklqana
Kikubaaqudgha
Makhleb
Nemelex Xobeh
Okawaru
Qazlal
Ru
Sif Muna
Trog
Uskayaw
Vehumet
Wu Jian
Xom
Yredelemnul
Zin
The Shining One

Shops:
D:3 [   D:11 (   D:14 (


Innate Abilities, Weirdness & Mutations

You have a pair of horns on your head.
You reflexively headbutt those who attack you in melee.
[You are very clumsy. (Dex -4)]
[You are very weak. (Str -4)]


Message History

The hell knight is severely wounded.
You bludgeon the hell knight!!
You feel the power of Trog in you as your rage grows.
You kill the hell knight!
That felt strangely unrewarding.
Things that are here:
a +5 demon blade; a +0 chain mail You start resting.
You feel a strong urge to attack something.
You start resting.
You are no longer berserk.
You are exhausted.
You feel yourself slow down.
You start resting.
A hell knight is nearby!
A hell knight is nearby!
Okay, then.
A large abomination comes into view.
Things that are here:
a +5 halberd; a +0 chain mail; a +4 glaive of flaming The tentacled starspawn bites you!!
* * * LOW HITPOINT WARNING * * *
The tentacled starspawn tentacle-slaps you but does no damage.
The hell knight hits you but does no damage.
You writhe in agony.
* * * LOW HITPOINT WARNING * * *
Unknown command.
Okay, then.
As you read the scroll of teleportation, it crumbles to dust.
You feel strangely unstable.
You feel the power of the Abyss delaying your translocation!
The tentacled starspawn bites you but does no damage.
The tentacled starspawn barely misses you.
The hell knight hits you from afar with a +2 halberd of pain.
* * * LOW HITPOINT WARNING * * *
You writhe in agony.
* * * LOW HITPOINT WARNING * * *
The tentacled starspawn bites you but does no damage.
The tentacled starspawn tentacle-slaps you!
You die...

.# . #
#.. . # #
## .# ..
. .. #. .
.## # .
.... . #
. #
#######
## .
#§.X###.#
.
#§@##.p##
.. ##.)p#
.#.#. .
#.X.##
... .
#...### .
p p# . #
#...# #.
.## # .
#.#. # #.
.. #.## #
. .. .
#..# . .
.###. #


You could see a tentacled starspawn, a hell knight and a large abomination.

Vanquished Creatures
  A tentacled starspawn (Abyss:2)
  A green death (Abyss:2)
  2 vault guards (D:13)
  A hydra (D:11)
  A yaktaur captain (D:13)
  An ice dragon (D:13)
  A boulder beetle (D:14)
  Erica (D:10)
  7 two-headed ogres
  2 centaur warriors
  A tengu warrior (D:14)
  A wretched star (Abyss:2)
  3 hell knights (Abyss:2)
  5 skeletal warriors
  2 large abominations (Abyss:2)
  An orc knight (D:9)
  Pikel (D:5)
  A deep elf pyromancer (D:12)
  6 cyclopes
  14 ugly things
  A manticore (D:14)
  An orc sorcerer (D:15)
  A gargoyle (D:11)
  Maggie (D:7)
  5 unseen horrors
  A kobold demonologist (D:12)
  2 efreet
  An ancient zyme (Abyss:2)
  2 tengu conjurers
  The ghost of Tiocfaidh the Ducker, a novice SpTm (D:4)
  6 trolls
  A queen bee (shapeshifter) (D:14)
  2 raiju (Abyss:2)
  A harpy skeleton (Abyss:2)
  3 blink frogs (Abyss:2)
  A raiju (shapeshifter) (D:14)
  A meliai zombie (D:11)
  9 slime creatures
  3 wyverns
  11 yaks
  Sigmund (D:3)
  A wraith (D:10)
  2 shadows
  10 humans (D:13)
  A steam dragon (D:7)
  A basilisk (D:14)
  A human (shapeshifter) (D:13)
  12 vampire mosquitoes
  A chaos spawn (Abyss:2)
  3 acid dragons
  5 water moccasins
  Duvessa (D:5)
  3 black bears
  An ice beast (D:8)
  A meliai simulacrum (D:13)
  8 orc warriors
  10 centaurs
  A boggart (D:13)
  3 ogres
  A phantom (D:3)
  2 kobold brigands (D:9)
  3 elf zombies (Ossuary)
  A gnoll sergeant (D:9)
  4 bullfrogs
  A small abomination (Abyss:2)
  A water moccasin zombie (D:5)
  2 scorpions
  A hornet simulacrum (D:14)
  2 water moccasin skeletons
  Dowan (D:5)
  12 killer bees
  3 wights (Abyss:2)
  6 howler monkeys
  8 electric eels (D:11)
  A bullfrog zombie (D:7)
  A crimson imp (D:8)
  2 centaur zombies
  A quasit (Abyss:2)
  Crazy Yiuf (D:6)
  An orc priest (D:12)
  A human zombie (Ossuary)
  7 hounds
  3 jellies (D:6)
  2 centaur skeletons (D:7)
  A scorpion zombie (D:5)
  Natasha (thrice) (D:2)
  Terence (D:2)
  2 iguanas
  14 orc wizards
  A killer bee zombie (D:7)
  A hound zombie (Ossuary)
  3 mummies (Ossuary)
  A howler monkey skeleton (D:5)
  A howler monkey zombie (D:10)
  15 gnolls
  3 adders
  2 white imps
  4 worms
  14 dart slugs
  35 orcs
  5 endoplasms
  3 giant cockroaches
  7 goblins
  4 hobgoblins
  3 jackals (D:1)
  4 quokkas
  8 ball pythons
  4 bats (D:1)
  A frilled lizard (D:1)
  2 gnoll zombies (Ossuary)
  A goblin zombie (Ossuary)
  6 hobgoblin zombies (Ossuary)
  5 jackal zombies (Ossuary)
  11 kobolds
  3 kobold zombies (Ossuary)
  An orc zombie (Ossuary)
  2 quokka zombies (Ossuary)
  8 rats
  8 rat zombies (Ossuary)
428 creatures vanquished.

Vanquished Creatures (collateral kills)
  8 ugly things
  A shadow (D:9)
9 creatures vanquished.

Vanquished Creatures (others)
  An unseen horror (D:12)
  A human (D:7)
  7 starspawn tentacles (Abyss:2)
9 creatures vanquished.

Grand Total: 446 creatures vanquished

Notes
Turn   | Place    | Note
-------+----------+-------------------------------------------
     0 | D:1      | Zeld the Minotaur Berserker began the quest for the Orb.
     0 | D:1      | Reached XP level 1. HP: 19/19 MP: 0/0
   122 | D:1      | Reached XP level 2. HP: 22/27 MP: 1/1
   515 | D:1      | Reached XP level 3. HP: 25/33 MP: 2/2
   739 | D:1      | Reached ** piety under Trog
  1618 | D:2      | Identified the ring "Mialof" {Wiz rElec}
  1652 | D:2      | Found a faded altar of an unknown god.
  1671 | D:2      | Noticed Terence
  1680 | D:2      | Killed Terence
  1681 | D:2      | Reached XP level 4. HP: 39/41 MP: 3/3
  1900 | D:2      | Noticed Natasha
  1909 | D:2      | Killed Natasha
  2290 | D:2      | Noticed Natasha
  2298 | D:2      | Killed Natasha
  2299 | D:2      | Reached skill level 5 in Fighting
  2299 | D:2      | Reached XP level 5. HP: 27/48 MP: 4/4
  2503 | D:2      | Noticed Natasha
  2513 | D:2      | Killed Natasha
  2514 | D:2      | Reached skill level 5 in Axes
  2745 | D:3      | Noticed a phantom
  2767 | D:3      | Killed a phantom
  2768 | D:3      | Reached XP level 6. HP: 26/57 MP: 5/5
  2822 | D:3      | Found Icim's Antique Armour Shop.
  2906 | D:3      | Noticed Sigmund
  2916 | D:3      | Killed Sigmund
  2973 | D:3      | Found a glowing drain.
  2994 | Sewer    | Entered a sewer
  3074 | Sewer    | Noticed a water moccasin
  3081 | Sewer    | Killed a water moccasin
  3082 | Sewer    | Reached XP level 7. HP: 64/64 MP: 6/6
  3248 | D:3      | Found a hazy altar of Hepliaklqana.
  3805 | D:4      | Reached *** piety under Trog
  4705 | D:4      | Reached skill level 5 in Armour
  4705 | D:4      | Reached XP level 8. HP: 73/73 MP: 7/7
  5188 | D:4      | Reached skill level 5 in Dodging
  5279 | D:4      | Found a large runed translucent door.
  5279 | D:4      | Found a large runed translucent door.
  5365 | D:4      | Noticed Tiocfaidh's ghost (novice SpTm)
  5531 | D:5      | Entered Level 5 of the Dungeon
  5687 | D:5      | Found a staircase to the Ecumenical Temple.
  5721 | Temple   | Entered the Ecumenical Temple
  5948 | D:5      | Noticed Duvessa
  5949 | D:5      | Noticed Dowan
  6179 | D:5      | Killed Duvessa
  6180 | D:5      | Reached XP level 9. HP: 82/82 MP: 8/8
  6336 | D:5      | Killed Dowan
  6473 | D:5      | Found a white marble altar of Elyvilon.
  6580 | D:5      | Noticed Pikel
  6587 | D:5      | Killed Pikel
  6618 | D:5      | Found a blossoming altar of Fedhas.
  6938 | D:6      | Noticed a two-headed ogre
  6955 | D:6      | Killed a two-headed ogre
  6956 | D:6      | Reached skill level 10 in Fighting
  6956 | D:6      | Reached skill level 10 in Axes
  7084 | D:6      | Reached **** piety under Trog
  7332 | D:6      | Noticed a two-headed ogre
  7341 | D:6      | Killed a two-headed ogre
  7342 | D:6      | Reached XP level 10. HP: 89/94 MP: 9/9
  7382 | D:6      | Found a hide-covered altar of Uskayaw.
  7761 | D:6      | Found a runed translucent door.
  7762 | D:6      | Noticed Crazy Yiuf
  7864 | D:6      | Killed Crazy Yiuf
  8158 | D:3      | Bought a crude ring mail for 252 gold pieces
  8158 | D:3      | Identified the +4 ring mail of Activism {Int+6} (You bought
                  | it in a shop on level 3 of the Dungeon)
  8253 | D:4      | Killed Tiocfaidh's ghost
  8493 | D:7      | Noticed Maggie
  8506 | D:7      | Killed Maggie
  8696 | D:7      | Found a glowing golden altar of the Shining One.
  8699 | D:7      | Found a broken altar of Ashenzari.
  8702 | D:7      | Found a shadowy altar of Dithmenos.
  8837 | D:7      | Found an ancient bone altar of Kikubaaqudgha.
  9490 | D:8      | Found a stormy altar of Qazlal.
  9541 | D:8      | You fall into a shaft and drop 2 floors!
  9541 | D:10     | Entered Level 10 of the Dungeon
  9894 | D:8      | Found a sand-covered staircase.
  9910 | Ossuary  | Entered an ossuary
 10292 | D:8      | Found a burning altar of Makhleb.
 10293 | D:8      | Found a radiant altar of Vehumet.
 10751 | D:9      | Noticed a two-headed ogre
 10754 | D:9      | Reached XP level 11. HP: 73/104 MP: 10/10
 11038 | D:10     | Reached ***** piety under Trog
 11179 | D:9      | Noticed a centaur warrior
 11190 | D:9      | Killed a centaur warrior
 11337 | D:9      | Noticed a red ugly thing
 11350 | D:9      | Killed a red ugly thing
 11500 | D:9      | Killed a two-headed ogre
 11505 | D:9      | Noticed a two-headed ogre
 11517 | D:9      | Killed a two-headed ogre
 11606 | D:9      | Noticed an orc knight
 11645 | D:9      | Killed an orc knight
 12140 | D:10     | Found a glowing silver altar of Zin.
 12185 | D:10     | Noticed a two-headed ogre
 12186 | D:10     | Noticed Erica
 12651 | D:10     | Found a basalt altar of Yredelemnul.
 12880 | D:10     | Killed a two-headed ogre
 12881 | D:10     | Reached XP level 12. HP: 82/117 MP: 11/11
 13464 | D:11     | Found Bobruh Siewn's Antique Weapon Shoppe.
 13472 | D:11     | Bought a bloodstained great mace for 368 gold pieces
 13472 | D:11     | Identified the +2 great mace "Cuplaul" {drain, *Slow rN+
                  | Int+4} (You bought it in a shop on level 11 of the Dungeon)
 13963 | D:10     | Killed Erica
 13964 | D:10     | Reached skill level 10 in Armour
 14056 | D:11     | Noticed a two-headed ogre
 14062 | D:11     | Killed a two-headed ogre
 14218 | D:11     | Found a staircase to the Lair.
 14325 | D:11     | Noticed a five-headed hydra
 14336 | D:11     | Killed a six-headed hydra
 14776 | D:11     | Reached skill level 15 in Fighting
 14776 | D:11     | Reached skill level 15 in Axes
 15245 | Lair:1   | Entered Level 1 of the Lair of Beasts
 15379 | D:12     | Reached skill level 10 in Dodging
 15608 | D:12     | Found a broken altar of Ashenzari.
 16106 | D:12     | Found a staircase to the Orcish Mines.
 16261 | D:13     | Noticed a two-headed ogre
 16266 | D:13     | Killed a two-headed ogre
 16267 | D:13     | Reached skill level 1 in Evocations
 16274 | D:13     | Reached XP level 13. HP: 112/127 MP: 12/12
 16426 | D:13     | Found a gate to the Vaults.
 16564 | D:13     | Identified the +4 plate armour "Piogic" {rCorr MP-9 Str+2}
 17479 | D:14     | Found Valoget's Weapon Emporium.
 17573 | D:14     | Reached skill level 5 in Evocations
 17670 | D:14     | Found a shimmering blue altar of Sif Muna.
 17886 | D:14     | Found a hazy altar of Hepliaklqana.
 18182 | D:14     | Found a radiant altar of Vehumet.
 18950 | D:15     | Entered Level 15 of the Dungeon
 18979 | D:15     | Reached XP level 14. HP: 71/138 MP: 4/13
 19167 | D:15     | Paralysed by an orc sorcerer for 3 turns
 19207 | D:15     | Cast into level 2 of the Abyss (a wizard)
 19429 | Abyss:2  | Noticed a tentacled starspawn
 19457 | Abyss:2  | Killed a tentacled starspawn
 19593 | Abyss:2  | Noticed a tentacled starspawn
 19678 | Abyss:2  | HP: 6/135 [hell knight/+2 halberd of pain (4)]
 19678 | Abyss:2  | Mangled by a tentacled starspawn

Illustrated notes

Levels and vault maps discovered:
D:1:      dpeg_arrival_central, layout_basic
D:2:      layout_basic, hellmonk_ecumenical_altar_zigzags, uniq_natasha,
          uniq_terence
D:3:      layout_rooms, mainiacjoe_overflow_alcove_1,
          cheibrodos_sewer_entry_bend, serial_shops, shop, uniq_sigmund
D:4:      layout_basic, ebering_ghost_disaster_area, minmay_manual_moon
D:5:      kennysheep_slugbush, layout_cave_pools, mainiacjoe_overflow_24_doors,
          elyvilon_altar_3, minmay_temple_entry_overgrown, uniq_pikel,
          uniq_duvessa
D:6:      minmay_flawed_box, layout_loops_ring, mainiacjoe_overflow_alcove_4,
          uniq_crazy_yiuf_cottage
D:7:      layout_basic, tgw_kikubaaqudgha, grunt_temple_overflow_diamond,
          minivault_27, uniq_maggie
D:8:      layout_basic, grunt_temple_overflow_lords_of_destruction,
          nicolae_qazlal_scattered_showers, lightli_ossuary_entry_decrepit_ruins
D:9:      layout_basic, minmay_the_grid_2x2 [minmay_the_grid_armoury,
          minmay_the_grid_tree, minmay_the_grid_square_x,
          minmay_the_grid_prize_big_room]
D:10:     layout_loops_ring, zin_statuary, mainiacjoe_overflow_chevrons,
          grunt_decor_arrowhead, uniq_erica
D:11:     layout_basic, lair_entry_dummy, serial_shops, shop
D:12:     layout_roguey, hiddenorc1_lemuel, nicolae_ashenzari_panopticon
D:13:     minmay_tile_spiral, layout_basic, ximxim_vaults_locker_room,
          nicolae_figureground_pulse
D:14:     layout_loops_ring, serial_shops, nicolae_shop_bloodbath_and_beyond,
          nicolae_vehumet_radiance, hellmonk_bongcloud_opening,
          kennysheep_path_1, hangedman_feature_mirror
D:15:     grunt_enter_depths_magical_seal, layout_grid_maze, old_standard_altar,
          tso_altar
Temple:   kb_temple_of_zot
Lair:1:   lemuel_ratsnest, layout_cave_shapes, nzn_random_ring
Abyss:2:  base: D:5, base: D:13, base:
D:9

Skill      XL: |  1  2  3  4  5  6  7  8  9 10 11 12 13 |
---------------+----------------------------------------+-----
Fighting       | 4 5 6 7 8 10 12 14 15 16 | 16.8
Axes           | 4 5 6 7 8 10 12 14 15 16 | 16.8
Armour         | 3 4 5 6 7 8 9 11 | 11.9
Dodging        | 3 4 5 7 9 10 11 | 11.1
Evocations     | 1 7 |  7.5

Action                   |  1- 3 |  4- 6 |  7- 9 | 10-12 | 13-15 || total
-------------------------+-------+-------+-------+-------+-------++-------
Melee: Hand axe          |    67 |    53 |   239 |   561 |       ||   920
       Headbutt          |    16 |    11 |    43 |   161 |    82 ||   313
       Punch             |     2 |     1 |     1 |    14 |       ||    18
       Unarmed           |       |       |       |     7 |       ||     7
       Battleaxe         |       |       |       |   159 |   226 ||   385
       Great mace        |       |       |       |       |    83 ||    83
Invok: Berserk           |     1 |     4 |    10 |    16 |     2 ||    33
       Brothers in Arms  |       |       |       |     2 |     2 ||     4
       Trog's Hand       |       |       |       |     1 |       ||     1
Evoke: Wand              |       |       |       |    19 |       ||    19
  Use: Scroll            |       |       |       |    18 |     1 ||    19
 Stab: Sleeping          |     1 |       |     1 |       |       ||     2
       Distracted        |     1 |       |       |       |       ||     1
       Paralysed         |       |       |       |       |     2 ||     2
Armor: Animal skin       |    15 |    13 |    44 |     4 |       ||    76
       Plate armour      |       |       |       |   419 |   219 ||   638
Dodge: Dodged            |    53 |    36 |   159 |   265 |   170 ||   683
